Map: Catalyst LE

Players

MCanning - Winner!

  • Race: Protoss Protoss
  • League: Grandmaster
  • Spawn Location: 5:00

Chammy (Cham)

  • Race: Zerg Zerg
  • League: Grandmaster
  • Spawn Location: 11:00

VOD

Have the link to the VOD?

Description

Time

  • Played on: Dec. 29, 2017, 12:12 a.m.
  • Length: 7:01
Show
View Real Time Build Order
Export as new Build Order

MCanning Protoss - Winner!

Build Orders: 1 Gate Expand 

Get SALT Encoding   

  12  0:00  Probe  
  13  0:13  Probe  
  14  0:22  Pylon  
  14  0:25  Probe  
  15  0:40  Probe (Chrono Boost)  
  15  0:41  Gateway  
  17  0:51  Assimilator, Probe (Chrono Boost)  
  17  0:56  Probe (Chrono Boost)  
  18  1:06  Probe  
  19  1:22  Nexus  
  19  1:32  Cybernetics Core  
  19  1:36  Probe (Chrono Boost)  
  20  1:45  Probe (Chrono Boost)  
  20  1:46  Assimilator  
  21  1:50  Probe (Chrono Boost)  
  22  1:56  Pylon  
  22  2:02  Probe  
  23  2:12  Adept (Chrono Boost)  
  23  2:14  Probe, Warp Gate  
  26  2:25  Twilight Council  
  26  2:28  Probe  
  27  2:37  Adept  
  27  2:41  Probe (Chrono Boost)  
  27  2:43  Probe (Chrono Boost)  
  31  2:53  Probe (Chrono Boost)  
  31  2:56  Probe (Chrono Boost)  
  31  2:57  Resonating Glaives (Chrono Boost)  
  31  2:58  Probe (Chrono Boost)  
  33  3:04  Probe  
  35  3:07  Stalker  
  35  3:08  Probe  
  38  3:16  Probe  
  39  3:20  Gateway  
  39  3:22  Gateway  
  39  3:25  Probe  
  40  3:29  Probe  
  41  3:34  Pylon  
  41  3:38  Probe  
  42  3:43  Robotics Facility  
  42  3:45  Probe  
  43  3:50  Probe  
  44  3:57  Pylon  
  44  4:09  Pylon  
  44  4:17  Adept x3  
  50  4:27  Shield Battery  
  50  4:28  Gateway  
  50  4:29  Gateway  
  50  4:37  Nexus  
  50  4:39  Sentry  
  50  4:42  Immortal (Chrono Boost)  
  50  4:43  Sentry  
  57  4:54  Gateway  
  57  4:57  Gateway  
  57  5:01  Gateway  
  57  5:04  Gateway  
  57  5:10  Pylon x2  
  57  5:12  Immortal (Chrono Boost)  
  61  5:20  Sentry x2  
  65  5:37  Adept  
  65  5:39  Warp Prism (Chrono Boost)  
  65  5:40  Pylon  
  65  5:41  Adept x2  
  73  5:56  Zealot  
  75  5:58  Adept x2  
  75  6:03  Pylon  
  79  6:04  Pylon  
  79  6:05  Adept x3  
  85  6:16  Adept x2  
  85  6:17  Adept x2  
  91  6:40  Adept x2  
  91  6:41  Adept x4  
  97  6:50  Adept x2  
Show
View Real Time Build Order
Export as new Build Order

Chammy Zerg 

Build Orders: Hatch First 

Get SALT Encoding   

  12  0:02  Drone  
  13  0:08  Drone  
  14  0:17  Overlord  
  14  0:36  Drone  
  15  0:45  Hatchery  
  15  0:49  Drone  
  15  0:52  Drone  
  15  0:56  Drone  
  17  1:02  Drone  
  18  1:10  Extractor  
  17  1:15  Spawning Pool  
  16  1:19  Drone  
  17  1:26  Drone  
  18  1:34  Drone  
  19  2:02  Queen x2  
  19  2:03  Zergling x4  
  19  2:04  Overlord  
  25  2:12  Metabolic Boost  
  25  2:29  Drone, Hatchery  
  25  2:32  Drone  
  26  2:40  Queen  
  28  2:45  Drone  
  28  2:46  Drone  
  28  2:50  Zergling x2  
  31  2:54  Overlord  
  31  3:02  Spore Crawler  
  31  3:03  Drone x2  
  33  3:05  Drone  
  33  3:08  Drone  
  33  3:12  Drone  
  35  3:16  Zergling x4  
  38  3:20  Zergling x2  
  38  3:22  Drone  
  38  3:25  Drone  
  38  3:27  Drone  
  41  3:29  Drone  
  41  3:32  Drone  
  43  3:38  Overlord  
  43  3:43  Overlord  
  43  3:47  Drone  
  43  3:48  Drone x3  
  47  3:53  Overlord  
  47  4:00  Drone x3  
  50  4:03  Lair  
  50  4:06  Extractor  
  50  4:07  Drone  
  50  4:09  Extractor  
  49  4:11  Drone x2  
  49  4:13  Drone  
  51  4:17  Drone x2  
  51  4:19  Drone  
  51  4:20  Drone  
  55  4:24  Drone x2  
  55  4:25  Drone  
  55  4:28  Zergling x4  
  60  4:36  Zergling x4  
  60  4:39  Zergling x4  
  60  4:40  Zergling x6  
  65  4:51  Zergling x2  
  66  4:53  Overlord x2  
  66  4:56  Overlord  
  63  5:07  Overseer, Hydralisk Den  
  63  5:11  Drone x4  
  66  5:14  Drone, Extractor  
  66  5:15  Drone x2  
  66  5:16  Zergling x10  
  72  5:30  Drone x4  
  72  5:32  Overlord  
  76  5:36  Hydralisk x3  
  76  5:38  Hydralisk  
  76  5:41  Hydralisk  
  76  5:42  Hydralisk  
  88  5:47  Muscular Augments  
  88  5:49  Hydralisk  
  90  5:56  Hydralisk x2  
  94  5:57  Hydralisk  
  96  6:05  Spine Crawler  
  96  6:06  Hydralisk x2  
  97  6:11  Overlord x2  
  97  6:17  Spine Crawler  
  96  6:20  Hydralisk  
  97  6:30  Hydralisk x2  
  101  6:33  Hydralisk  
Tags
 
Add a new tag
Caveats
  • Supply blocks, unpowered buildings, or Contaminate may cause inaccurate times.
  • Supply counts are checked every 10 seconds.